 Dungeon Crawl Stone Soup version 0.31-a0-848-gaac375c287 (webtiles) character file.

Game seed: 3979389575452180946

5 Kurtz the Sneak (level 1, -1/18 HPs)
             Began as a Mummy Delver on Oct 4, 2023.
             Slain by a shadow imp (4 damage)
             ... on level 4 of the Dungeon.
             The game lasted 00:00:22 (191 turns).

Kurtz the Sneak (Mummy Delver)                       Turns: 191, Time: 00:00:22

Health: -1/18      AC:  3    Str: 15    XL:     1   Next: 66%
Magic:  1/1        EV: 11    Int:  9    God:
Gold:   28         SH:  0    Dex: 13    Spells: 0/0 levels left

rFire   x . .        a - +0 hand axe
rCold   + . .        (no shield)
rNeg    + + +        b - +0 leather armour
rPois   ∞            (no helmet)
rElec   .            (no cloak)
rCorr   .            (no gloves)
SInv    .            (no boots)
Will    .....        (no amulet)
Stlth   ++           (no ring)
HPRegen 0.23/turn    (no ring)
MPRegen 0.07/turn

%: faith
@: no status effects
A: cold resistance 1, negative energy resistance 3, torment resistance 2, heat
vulnerability 1, in touch with death 1, no potions, faith
a: no special abilities


You were on level 4 of the Dungeon.
You visited 1 branch of the dungeon, and saw 2 of its levels.

You collected 28 gold pieces.

Inventory:

Hand Weapons
 a - a +0 hand axe (weapon)
Armour
 b - a +0 leather armour (worn)
Wands
 f - a wand of digging (3)
Scrolls
 c - a scroll of fog
 d - a scroll of revelation
 e - a scroll of fear


   Skills:
 - Level 3.0 Fighting
 * Level 2.0 Axes
 - Level 1.5 Dodging
 - Level 4.1 Stealth


You couldn't memorise any spells.
You didn't know any spells.
Your spell library was empty.

Dungeon Overview and Level Annotations

Branches:
Dungeon (5/15)
 Temple: D:4-7

Altars:

Annotations:
D:5 exclusion: hound


Innate Abilities, Weirdness & Mutations

You are immune to poison.
Your flesh is cold resistant. (rC+)
You are immune to negative energy. (rN+++)
You are immune to unholy pain and torment.
You are vulnerable to heat. (rF-)
You are in touch with the powers of death.
You do not drink.
You have a special connection with the divine. (Faith)


Message History

There is an escape hatch in the ceiling here.
The shadow imp barely misses you. A mysterious force pulls you upwards.
The hatch slams shut behind you.
Found 3 large rocks.
You barely miss the shadow imp. The shadow imp closely misses you.
You hit the shadow imp but do no damage.
The shadow imp hits you.
You closely miss the shadow imp. The shadow imp barely misses you.
The shadow imp closely misses you.
You hit the shadow imp but do no damage.
The shadow imp hits you but does no damage.
You barely miss the shadow imp. The shadow imp barely misses you.
You hit the shadow imp.
The shadow imp is lightly wounded.
The shadow imp hits you.
You hit the shadow imp.
The shadow imp is lightly wounded.
The shadow imp hits you.
You hit the shadow imp but do no damage.
The shadow imp is lightly wounded.
You barely miss the hobgoblin.
The shadow imp hits you but does no damage.
The hobgoblin hits you.
The shadow imp hits you but does no damage.
You closely miss the hobgoblin. You hit the shadow imp.
The hobgoblin closely misses you. The shadow imp hits you.
* * * LOW HITPOINT WARNING * * *
You barely miss the hobgoblin. You barely miss the shadow imp.
The hobgoblin barely misses you. The shadow imp completely misses you.
The hobgoblin hits you.
* * * LOW HITPOINT WARNING * * *
You hit the hobgoblin.
The hobgoblin is severely wounded.
You hit the shadow imp. The shadow imp closely misses you.
The hobgoblin hits you but does no damage.
Unknown command.
You hit the hobgoblin but do no damage.
The hobgoblin is severely wounded.
You closely miss the shadow imp. The shadow imp hits you.
You die...

##.##.#.. #
.......### #.
...#.(.... ...
##..#...... .
..#..........
... ...........
.....#5........
......g@#
..........#
..##......#
##.....#
#......
.......#
........#
.#........


You could see a shadow imp and a hobgoblin.

Vanquished Creatures
  An ufetubus (D:5)
1 creature vanquished.

Notes
Turn   | Place    | Note
-------+----------+-------------------------------------------
     0 | D:5      | Kurtz the Mummy Delver began the quest for the Orb.
     0 | D:5      | Reached XP level 1. HP: 18/18 MP: 1/1
    37 | D:5      | Noticed a hound
   172 | D:5      | Noticed a scorpion
   191 | D:4      | Slain by a shadow imp

Illustrated notes

Levels and vault maps discovered:
D:4:      layout_layer_cave, tgw_sif, nicolae_overflow_hidden_temple,
          minmay_temple_entry_drinking_statues
D:5:      layout_loops_cross, nemelex_xobeh_ov_fountains_minmay, serial_shops,
          shop

Skill      XL: |  1 |
---------------+----+-----
Axes           | 2 |  2.0
Fighting       | |  3.0
Dodging        | |  1.5
Stealth        | |  4.1

Action                     || total
---------------------------++-------
  Melee: Hand axe          ||    14
         Punch             ||     1
   Stab: Sleeping          ||     1
 Armour: Leather armour    ||    13
  Dodge: Dodged            ||    12

Table legend: (Time is in decaauts)
 A = Elapsed time spent in this place.
 B = Non-inter-level travel time spent in this place.
 C = Inter-level travel time spent in this place.
 D = Time resting spent in this place.
 E = Time spent auto-exploring this place.
 F = Levels seen in this place.
 G = Mean time per level.
                   A        B        C        D        E       F      G
               +--------+--------+--------+--------+--------+-----+--------+
         Total |    193 |    193 |      0 |      0 |    135 |   2 |   96.5 |
       Dungeon |    193 |    193 |      0 |      0 |    135 |   2 |   96.5 |
               +--------+--------+--------+--------+--------+-----+--------+

Top non-repeatable levels by time:
     D:5: 179 daAuts
     D:4: 13 daAuts
